 Dungeon Crawl Stone Soup version 0.28-a0-1555-g9ae15a6949 (webtiles) character file.

Game seed: 16460300369827132065

170 kae the Insei (level 5, -1/38 HPs)
             Began as a Demonspawn Transmuter on Jan 18, 2022.
             Slain by Grinder (4 damage)
             ... while paralysed by Grinder
             ... on level 3 of the Dungeon.
             The game lasted 00:02:06 (3132 turns).

kae the Insei (Demonspawn Transmuter)               Turns: 3132, Time: 00:02:07

Health: -1/38      AC:  6    Str: 12    XL:     5   Next: 26%
Magic:  6/8        EV:  5    Int: 14    God:
Gold:   107        SH:  0    Dex: 19    Spells: 4/8 levels left

rFire   . . .      SeeInvis .     - Unarmed
rCold   . . .      Faith    .   (shield currently unavailable)
rNeg    . . .      Spirit   .   (armour currently unavailable)
rPois   x          Reflect  .   (helmet currently unavailable)
rElec   .          Harm     .   (cloak currently unavailable)
rCorr   .          Rampage  .   (gloves currently unavailable)
Will    .....                   (boots currently unavailable)
Stlth   ++........              (no amulet)
HPRegen 0.12/turn               c - +4 ring of protection
MPRegen 0.11/turn               (no ring)

@: paralysed, spider-form (expiring)
A: venomous fangs, tiny, (thin metallic scales 1), (demonic touch 1)
a: End Transformation


You were on level 3 of the Dungeon.
You were a venomous arachnid creature.
You visited 1 branch of the dungeon, and saw 3 of its levels.

You collected 107 gold pieces.

Inventory:

Armour
 a - a +0 robe (melded)
Jewellery
 c - a +4 ring of protection (left front leg)
Scrolls
 g - a scroll of torment {unknown}
 h - a scroll of blinking {unknown}
Potions
 b - 2 potions of haste
 d - a potion of heal wounds
 e - a potion of mutation {unknown}
 f - a potion of invisibility {unknown}


   Skills:
 + Level 1.8 Fighting
 + Level 2.4 Dodging
 * Level 3.5 Unarmed Combat
 + Level 2.4 Spellcasting
 * Level 2.9 Transmutations
 * Level 1.8 Poison Magic


You had 4 spell levels left.
You knew the following spells:

 Your Spells              Type           Power      Damage    Failure   Level
a - Beastly Appendage     Tmut           18%        N/A       19%         1
b - Spider Form           Tmut/Pois      8%         N/A       47%         3

Your spell library contained the following spells:

 Spells                   Type           Power      Damage    Failure   Level
 Wereblood                Tmut           9%         N/A       26%         2
 Ozocubu's Armour         Ice            1%         N/A       77%         3
 Ice Form                 Ice/Tmut       5%         N/A       90%         4
 Ozocubu's Refrigeration  Ice            0%         4d5       100%        7


Dungeon Overview and Level Annotations

Branches:
Dungeon (3/15)

Altars:

Shops:
D:2 [

Annotations:
D:3 Grinder


Innate Abilities, Weirdness & Mutations

You are a venomous arachnid creature.
You have poisonous fangs.
You are tiny and dextrous.
Your spellcasting is less reliable in this form.
Your armour is entirely melded.
You are incapable of wielding weapons or throwing items.
((You are partially covered in thin metallic scales. (AC +2)))
((Your touch may inflict minor irresistible damage on your foes.))


Message History

Your +0 robe melds into your body.
Natasha closely misses you.
You bite Natasha!
Natasha is poisoned.
Natasha is heavily wounded.
Natasha stares at you and mumbles some strange words.
The magic dart hits you. Natasha barely misses you.
You hit Natasha.
Natasha looks as sick as possible!
Natasha is almost dead.
Grinder blinks!
Natasha barely misses you.
You hit Natasha but do no damage.
Natasha is almost dead.
You kill Natasha!
You feel Natasha's spirit has finally been put to rest.
The crimson imp disappears in a puff of smoke!
Grinder gestures at you.
You suddenly lose the ability to move!
Grinder gestures at you.
You shrug off the repeated paralysis!
Your transformation is almost over.
Grinder says, "I used to sell toenails on the black market."
Grinder hits you. Grinder hits you but does no damage. Grinder hits you.
You writhe in agony.
You can move again.
Unknown command.
Grinder gestures at you.
You barely resist. Grinder misses you.
You hit Grinder.
Grinder is lightly wounded.
Grinder barely misses you.
Grinder says, "Make like a tree!"
Grinder hits you.
You completely miss Grinder.
Grinder is lightly wounded.
You feel yourself speed up. Grinder gestures at you.
You suddenly lose the ability to move!
Grinder hits you! Grinder gestures at you.
You barely resist. Grinder hits you!
* * * LOW HITPOINT WARNING * * *
You writhe in agony.
You die...

#.# #.# ##### #.# ....#
#######'### ....#
..........# ....#
..........# ....#
..........# ....# #5####
....# #.s..# #####
####.# # #.##### ##
#.....#
.#####################.#
......................>#
.............###########
..#####.####.# #.## #.#
#.#


You could see Grinder (fast).

Vanquished Creatures
  Natasha (thrice) (D:3)
  Terence (D:2)
  An adder (D:2)
  A worm (D:2)
  5 bats
  3 endoplasms (D:1)
  3 giant cockroaches
  6 goblins
  3 hobgoblins
  3 jackals (D:1)
  4 quokkas
  9 ball pythons
  A frilled lizard (D:2)
  9 kobolds
  3 rats
55 creatures vanquished.

Vanquished Creatures (others)
  5 demonic plants (D:2)
  4 fungi (D:2)
  5 plants (D:2)
  2 withered plants (D:2)
16 creatures vanquished.

Grand Total: 71 creatures vanquished

Notes
Turn   | Place    | Note
-------+----------+-------------------------------------------
     0 | D:1      | kae the Demonspawn Transmuter began the quest for the Orb.
     0 | D:1      | Reached XP level 1. HP: 15/15 MP: 3/3
   397 | D:1      | Gained mutation: You are partially covered in thin metallic
                  | scales. (AC +2) [demonic ancestry]
   397 | D:1      | Reached XP level 2. HP: 13/21 MP: 5/5
   885 | D:1      | Reached skill level 3 in Unarmed Combat
  1289 | D:1      | Reached XP level 3. HP: 26/26 MP: 4/6
  1293 | D:1      | Learned a level 3 spell: Spider Form
  1901 | D:2      | Noticed Terence
  1917 | D:2      | Killed Terence
  1918 | D:2      | Reached skill level 1 in Poison Magic
  1918 | D:2      | Reached XP level 4. HP: 11/32 MP: 3/7
  2162 | D:2      | Found Xanokk's Armour Emporium.
  2471 | D:2      | Found a faded altar of an unknown god.
  2717 | D:3      | Noticed Natasha
  2728 | D:3      | Killed Natasha
  2792 | D:3      | Noticed Natasha
  2806 | D:3      | Killed Natasha
  2807 | D:3      | Gained mutation: Your touch may inflict minor irresistible
                  | damage on your foes. [demonic ancestry]
  2807 | D:3      | Reached XP level 5. HP: 36/38 MP: 4/8
  3112 | D:3      | Noticed Grinder
  3113 | D:3      | Noticed Natasha
  3124 | D:3      | Killed Natasha
  3125 | D:3      | Paralysed by Grinder for 4 turns
  3131 | D:3      | Paralysed by Grinder for 7 turns
  3132 | D:3      | Slain by Grinder

Illustrated notes

Levels and vault maps discovered:
D:1:      psy_arrival_radial02, layout_basic
D:2:      layout_rooms, serial_shops, nicolae_shop_trees,
          shapermc_ecumenical_altar_gd, kennysheep_potato, uniq_terence
D:3:      layout_basic, uniq_natasha, uniq_grinder

Skill      XL: |  1  2  3 |
---------------+----------+-----
Transmutations | 2 |  2.9
Dodging        | 2 |  2.4
Unarmed Combat | 3 |  3.5
Poison Magic   | 1 |  1.8
Fighting       | |  1.8
Spellcasting   | |  2.4

Action                   |  1- 3 |  4- 6 || total
-------------------------+-------+-------++-------
Melee: Unarmed           |   126 |    62 ||   188
       Kick              |    21 |     2 ||    23
       Headbutt          |    11 |     2 ||    13
       Punch             |     3 |     1 ||     4
       Touch             |       |     2 ||     2
 Cast: Beastly Appendage |    18 |     9 ||    27
       Spider Form       |     1 |     2 ||     3
  Use: Scroll            |       |     1 ||     1
Armor: Robe              |    40 |    28 ||    68
       Skin              |       |     2 ||     2
Dodge: Dodged            |   108 |    47 ||   155

Table legend: (Time is in decaauts)
 A = Elapsed time spent in this place.
 B = Non-inter-level travel time spent in this place.
 C = Inter-level travel time spent in this place.
 D = Time resting spent in this place.
 E = Time spent auto-exploring this place.
 F = Levels seen in this place.
 G = Mean time per level.
                   A        B        C        D        E       F      G
               +--------+--------+--------+--------+--------+-----+--------+
         Total |   3125 |   3065 |     60 |    371 |   2252 |   3 | 1041.7 |
       Dungeon |   3125 |   3065 |     60 |    371 |   2252 |   3 | 1041.7 |
               +--------+--------+--------+--------+--------+-----+--------+

Top non-repeatable levels by time:
     D:1: 1552 daAuts
     D:2: 1136 daAuts
     D:3: 436 daAuts
